 Dungeon Crawl Stone Soup version 0.29-a0-330-g52719c12eb (webtiles) character file.

Game seed: 9388943578077042767

50 Armakuni the Skirmisher (level 4, 0/35 HPs)
             Began as a Human Wanderer on Apr 30, 2022.
             Slain by a goblin
             ... wielding a +0 club
             ... led by Robin
              (3 damage)
             ... on level 2 of the Dungeon.
             The game lasted 00:03:07 (1988 turns).

Armakuni the Skirmisher (Human Wanderer)            Turns: 1988, Time: 00:03:08

Health: 0/35       AC:  3    Str: 13    XL:     4   Next: 4%
Magic:  4/4        EV: 10    Int: 11    God:
Gold:   55         SH:  0    Dex: 15    Spells: 3/3 levels left

rFire   . . .      SeeInvis .   b - +0 hand crossbow
rCold   . . .      Faith    .   (no shield)
rNeg    . . .      Spirit   .   e - +0 leather armour
rPois   .          Reflect  .   (no helmet)
rElec   .          Harm     .   (no cloak)
rCorr   .          Rampage  .   (no gloves)
Will    .....      Clarity  +   (no boots)
Stlth   +.........              (no amulet)
HPRegen 0.11/turn               (no ring)
MPRegen 0.09/turn               (no ring)

@: about to teleport, attractive, flying
A: clarity, noise suppression
a: no special abilities


You were on level 2 of the Dungeon.
You visited 1 branch of the dungeon, and saw 2 of its levels.

You collected 55 gold pieces.

Inventory:

Hand Weapons
 a - a +2 hand axe
 b - a +0 hand crossbow (weapon)
 f - a +2 dagger of draining
Armour
 e - a +0 leather armour (worn)
Scrolls
 d - a scroll of silence
 g - a scroll of magic mapping
 h - a scroll of teleportation
 k - a scroll of acquirement {unknown}
Potions
 i - a potion of attraction
Miscellaneous
 c - a piece from Xom's chessboard (15/15)


   Skills:
 + Level 3.3 Fighting
 - Level 2.0 Axes
 + Level 2.9 Crossbows
 - Level 1.0 Armour
 - Level 3.0 Evocations


You had 3 spell levels left.
You didn't know any spells.
Your spell library contained the following spells:

 Spells                   Type           Power      Damage    Failure   Level
 Dazzling Flash           Conj/Hex       0%         N/A       80%         3
 Agony                    Necr           0%         N/A       100%        5
 Silence                  Hex/Air        0%         N/A       100%        5


Dungeon Overview and Level Annotations

Branches:
Dungeon (2/15)

Altars:

Annotations:
D:2 Robin


Innate Abilities, Weirdness & Mutations

You possess an exceptional clarity of mind.
You passively dampen the noise of your surroundings.


Message History

Shoot: b) +0 hand crossbow
Press: ? - help, Q - select action, (/) - cycle Shift-Dir - straight line, f/p - goblin
Aim: a goblin, wielding a +0 club (strong, 55% to hit)
You shoot a bolt. The bolt hits the goblin.
You kill the goblin!
The goblin no longer looks unusually strong.
The goblin hits you with a +0 club.
* * * LOW HITPOINT WARNING * * *
It was a potion of attraction.
You feel attractive to monsters. The goblin hits you but does no damage.
The goblin hits you with a +0 dagger.
* * * LOW HITPOINT WARNING * * *
It was a potion of flight.
You feel very buoyant.
You fly up into the air.
The goblin hits you but does no damage. x2
Robin roars a battlecry!
The goblins go into a battle-frenzy!
It was a potion of mutation.
You feel extremely strange.
Your thoughts seem clearer.
You feel your surroundings grow quieter.
The goblin barely misses you. The goblin hits you but does no damage.
As you read the scroll labelled TEOTSA FUPOTS, it crumbles to dust.
You feel aware of your surroundings.
It was a scroll of magic mapping.
The goblin no longer looks unusually strong.
A hobgoblin comes into view.
The goblin hits you but does no damage. The goblin misses you.
Okay, then.
As you read the scroll labelled CEDOFE ADWIECS, it crumbles to dust.
You feel strangely unstable.
It was a scroll of teleportation.
The goblin hits you but does no damage. The goblin misses you.
The hobgoblin is attracted toward you.
Okay, then.
Unknown command.
Shoot: b) +0 hand crossbow
Press: ? - help, Q - select action, (/) - cycle Shift-Dir - straight line, f - goblin
Aim: a goblin, wielding a +0 dagger (55% to hit)
You shoot a bolt. The bolt barely misses the goblin.
The bolt hits Robin.
Robin is moderately wounded.
The goblin hits you with a +0 club.
You die...

,,*,,,.g.....*#.#.....,****,,**,,
,,,,,,..g..gg##.....#*** **,***,*
,,,,,,..........###### *,,* *,*
,,,,,,...g..##.§.....#* *,** *,*
,,,,,,..[...g..gg##...# *,****,*
**,,,,.......#.#g#*,,.# *,*,,,,*
*,,,........#.#g#*,,,* *,*,****
*,,,..###+#,#.#g#*,,,* *,*,*
****#.# #.#,..#@#*,,,** *,*,* #.#
#.#####g#*,,,,* *,*,* ######.#
#.#.....#*,,,,* *,*,* .......#
#.#.######.,,,* *,*,*
.......###.#.......#**,* *,*,*
........)÷......#...,,,* *,*,*
....[..###......#,,,,,,***,*,*
.......###......#,,,,,,,,,,,,*
'#####...#......#,,,,,,,**,***


You could see Robin, 2 hobgoblins and 3 goblins.

Vanquished Creatures
  A dart slug (D:1)
  3 bats (D:1)
  5 endoplasms
  8 goblins
  3 hobgoblins
  2 jackals (D:2)
  3 kobolds
  A quokka (D:1)
  7 ball pythons
  3 frilled lizards (D:1)
  6 rats (D:1)
42 creatures vanquished.

Notes
Turn   | Place    | Note
-------+----------+-------------------------------------------
     0 | D:1      | Armakuni the Human Wanderer began the quest for the Orb.
     0 | D:1      | Armakuni set off with the following items: a +2 hand axe, a
                  | +0 hand crossbow, a piece from Xom's chessboard (15/15), a
                  | scroll of silence, a +0 leather armour
     0 | D:1      | Reached XP level 1. HP: 16/16 MP: 1/1
   245 | D:1      | Reached XP level 2. HP: 23/23 MP: 2/2
   769 | D:1      | Reached XP level 3. HP: 27/28 MP: 3/3
   822 | D:1      | Found a faded altar of an unknown god.
  1967 | D:2      | Noticed Robin
  1980 | D:2      | Reached XP level 4. HP: 22/35 MP: 4/4
  1985 | D:2      | Gained mutation: You possess an exceptional clarity of
                  | mind. [potion of mutation]
  1985 | D:2      | Gained mutation: You passively dampen the noise of your
                  | surroundings. [potion of mutation]
  1988 | D:2      | Slain by a goblin

Illustrated notes

Levels and vault maps discovered:
D:1:      psy_arrival_radial02, layout_loops_ring,
          shapermc_ecumenical_altar_acropolis, minivault_14, solitary_fountain,
          minmay_box_of_dots
D:2:      minmay_evil_eye, layout_basic, uniq_robin

Skill      XL: |  1  2  3 |
---------------+----------+-----
Fighting       | 3 |  3.3
Axes           | |  2.0
Crossbows      | |  2.9
Armour         | |  1.0
Evocations     | |  3.0

Action                   |  1- 3 |  4- 6 || total
-------------------------+-------+-------++-------
Melee: Hand axe          |     7 |       ||     7
 Fire: Hand crossbow     |   118 |     4 ||   122
  Use: Potion            |       |     3 ||     3
       Scroll            |       |     2 ||     2
Armor: Leather armour    |    32 |     6 ||    38
Dodge: Dodged            |    50 |     6 ||    56

Table legend: (Time is in decaauts)
 A = Elapsed time spent in this place.
 B = Non-inter-level travel time spent in this place.
 C = Inter-level travel time spent in this place.
 D = Time resting spent in this place.
 E = Time spent auto-exploring this place.
 F = Levels seen in this place.
 G = Mean time per level.
                   A        B        C        D        E       F      G
               +--------+--------+--------+--------+--------+-----+--------+
         Total |   2035 |   2002 |     33 |    343 |   1366 |   2 | 1017.5 |
       Dungeon |   2035 |   2002 |     33 |    343 |   1366 |   2 | 1017.5 |
               +--------+--------+--------+--------+--------+-----+--------+

Top non-repeatable levels by time:
     D:1: 1588 daAuts
     D:2: 446 daAuts
